 Dungeon Crawl Stone Soup version 0.26-a0-800-g517d6fe721 (webtiles) character file.

Game seed: 8128415904535903308

30 DarkMailMan the Grave Robber (level 3, 0/24 HPs)
             Began as a Mummy Necromancer on Nov 12, 2020.
             Slain by a gnoll
             ... wielding a cursed -2 spear
              (5 damage)
             ... on level 2 of the Dungeon.
             The game lasted 00:02:58 (1084 turns).

DarkMailMan the Grave Robber (Mummy Necromancer)    Turns: 1084, Time: 00:02:59

Health: 0/24       AC: -2    Str: 11    XL:     3   Next: 5%
Magic:  3/7        EV: 12    Int: 15    God:
Gold:   74         SH:  0    Dex: 12    Spells: 6/7 levels left

rFire    x . .     SeeInvis .   f - +0 whip
rCold    + . .     Faith    .   (no shield)
rNeg     + + +     Spirit   .   a - +0 robe
rPois    ∞         Reflect  .   (no helmet)
rElec    .         Harm     .   (no cloak)
rCorr    .         Rampage  .   (no gloves)
MR       .....                  (no boots)
Stlth    ++........             (no amulet)
HPRegen  0.08/turn              e - +4 ring of slaying
MPRegen  0.10/turn              c - -4 ring of protection (curse)

@: no status effects
A: no potions, fire vulnerability, cold resistance 1, negative energy resistance
3, torment resistance, unbreathing
a: no special abilities


You were on level 2 of the Dungeon.
You visited 1 branch of the dungeon, and saw 2 of its levels.

You collected 74 gold pieces.

Inventory:

Hand Weapons
 f - a +0 whip (weapon)
Armour
 a - a +0 robe (worn)
 d - a +0 leather armour
 g - a +0 robe
Jewellery
 c - a cursed -4 ring of protection (right hand)
 e - a +4 ring of slaying (left hand)
Scrolls
 b - a scroll of enchant armour {unknown}


   Skills:
 + Level 1.7 Dodging
 + Level 1.7 Stealth
 + Level 2.9 Spellcasting
 * Level 4.7 Necromancy


You had 6 spell levels left.
You knew the following spells:

 Your Spells              Type           Power        Failure   Level
a - Pain                  Necr           ###.         3%          1

Your spell library contained the following spells:

 Spells                   Type           Power        Failure   Level
 Animate Skeleton         Necr           ###...       3%          1
 Vampiric Draining        Necr           ###.......   9%          3
 Animate Dead             Necr           ###.......   28%         4
 Agony                    Necr           ###.....     63%         5


Dungeon Overview and Level Annotations

Branches:
Dungeon (2/15)

Altars:


Innate Abilities, Weirdness & Mutations

You do not drink.
Your flesh is vulnerable to fire.
You are immune to poison.
Your flesh is cold resistant. (rC+)
You are immune to negative energy. (rN+++)
You are immune to unholy pain and torment.
You can survive without breathing.


Message History

You kill the bat!
Casting: Pain (safe; 3% risk of failure)
Confirm with . or Enter, or press ? or * to list all spells.
Aiming: Pain (safe; 3% risk of failure)
Press: ? - help, Shift-Dir - straight line, f/p - gnoll
Aim: a gnoll, wielding a -2 spear (heavily wounded, chance to defeat MR: 81%)
The gnoll barely resists.
The gnoll hits you with a +0 flail. The gnoll barely misses you.
Casting: Pain (safe; 3% risk of failure)
Confirm with . or Enter, or press ? or * to list all spells.
Aiming: Pain (safe; 3% risk of failure)
Press: ? - help, Shift-Dir - straight line, f/p - gnoll
Aim: a gnoll, wielding a -2 spear (heavily wounded, chance to defeat MR: 81%)
The gnoll writhes in agony!
The gnoll barely misses you.
The gnoll hits you from afar with a cursed -2 spear.
* * * LOW HITPOINT WARNING * * *
Oops, that ring feels deathly cold.
c - a cursed -4 ring of protection (right hand)
The gnoll hits you from afar with a cursed -2 spear.
You die...

...........#
..).....(..###.##
.(...............
......†...g....#####
.#####.##########..
#...........##.#
#...........##.# #
#..........g##.##.#
#.........ggg@....#
#......#######.######.
########..............
#.###............+
###............#
#..............# #
#.###.#####....#
###.#. #.# #..†.#
#...#.###.# #....###.


You could see 3 gnolls and a goblin.

Vanquished Creatures
  A worm (D:2)
  A dart slug (D:2)
  A leopard gecko (D:1)
  A ball python (D:1)
  2 bats (D:2)
  4 goblins
  2 hobgoblins (D:1)
  2 jackals (D:1)
  3 kobolds (D:1)
  A quokka (D:2)
  A frilled lizard (D:1)
  4 rats (D:1)
23 creatures vanquished.

Notes
Turn   | Place    | Note
-------+----------+-------------------------------------------
     0 | D:1      | DarkMailMan the Mummy Necromancer began the quest for the
                  | Orb.
     0 | D:1      | Reached XP level 1. HP: 13/13 MP: 4/4
   302 | D:1      | Reached XP level 2. HP: 19/19 MP: 2/5
  1050 | D:2      | Reached XP level 3. HP: 21/24 MP: 7/7
  1084 | D:2      | Slain by a gnoll

Illustrated notes

Levels and vault maps discovered:
D:1:      lightli_arrival_chessboard, layout_basic, serial_park_tiny_1,
          minivault_26
D:2:      layout_basic, nicolae_overflow_crystal_walls, fedhas_altar_1,
          minmay_joined_circles

Action                   || total
-------------------------++-------
Melee: Unarmed           ||    14
       Whip              ||    31
 Cast: Pain              ||    25
Armor: Robe              ||     8
Dodge: Dodged            ||    58

Table legend: (Time is in decaauts)
 A = Elapsed time spent in this place.
 B = Non-inter-level travel time spent in this place.
 C = Inter-level travel time spent in this place.
 D = Time resting spent in this place.
 E = Time spent auto-exploring this place.
 F = Levels seen in this place.
 G = Mean time per level.
                   A        B        C        D        E       F      G
               +--------+--------+--------+--------+--------+-----+--------+
         Total |   1085 |   1085 |      0 |    199 |    408 |   2 |  542.5 |
       Dungeon |   1085 |   1085 |      0 |    199 |    408 |   2 |  542.5 |
               +--------+--------+--------+--------+--------+-----+--------+

Top non-repeatable levels by time:
     D:1: 933 daAuts
     D:2: 152 daAuts
